Map: Golden Wall LE

Players

Namshar - Winner!

  • Race: Zerg Zerg
  • League: Grandmaster
  • Spawn Location: 5:00

AGOElazer (Elazer)

  • Race: Zerg Zerg
  • League: Grandmaster
  • Spawn Location: 7:00

Event: StayAtHomestory Cup #1

VOD

Have the link to the VOD?

Description

Time

  • Played on: April 10, 2020, 7:05 a.m.
  • Length: 3:26

All games in this series

Show
View Real Time Build Order
Export as new Build Order

Namshar Zerg - Winner!

Build Orders: Pool First 

Get SALT Encoding   

  12  0:02  Drone  
  13  0:15  Extractor  
  12  0:23  Spawning Pool  
  11  0:28  Drone  
  11  0:33  Drone  
  13  0:38  Drone  
  14  0:49  Overlord  
  14  1:10  Queen  
  14  1:11  Zergling x2  
  17  1:17  Metabolic Boost  
  17  1:21  Zergling x2  
  17  1:25  Zergling x2  
  19  1:29  Zergling x2  
  20  1:34  Zergling x2  
  21  1:43  Zergling x2  
  22  1:59  Hatchery  
  21  2:07  Overlord  
  21  2:16  Zergling x2  
  22  2:26  Zergling x6  
  22  2:28  Zergling x2  
  26  2:51  Zergling x2  
  26  2:52  Zergling x4, Overlord  
  22  3:13  Drone x4  
Show
View Real Time Build Order
Export as new Build Order

AGOElazer Zerg 

Build Orders: Hatch First 

Get SALT Encoding   

  12  0:00  Drone  
  13  0:12  Overlord  
  13  0:17  Drone  
  14  0:30  Drone x2  
  16  0:49  Hatchery  
  15  0:51  Drone  
  15  0:55  Drone  
  17  0:58  Drone  
  18  1:08  Extractor  
  17  1:13  Spawning Pool  
  17  1:17  Drone  
  17  1:20  Drone  
  18  1:27  Drone  
  19  1:38  Drone  
  20  1:49  Drone  
  21  2:00  Queen x2  
  25  2:01  Drone  
  25  2:02  Overlord  
  26  2:11  Drone  
  26  2:12  Zergling x2  
  28  2:22  Spine Crawler  
  27  2:25  Zergling x4  
  29  2:33  Zergling x4  
  31  2:44  Zergling x4  
  29  2:53  Zergling x2  
  27  3:07  Zergling x2  
  18  3:24  Baneling Nest  
Tags
 
Add a new tag
Caveats
  • Supply blocks, unpowered buildings, or Contaminate may cause inaccurate times.
  • Supply counts are checked every 10 seconds.